 Dungeon Crawl Stone Soup version 0.21.1-1-g345015fe64 (webtiles) character file.

14771 KleinerIrrer the Severer (level 12, -5/83 HPs)
             Began as a Formicid Fighter on Mar 17, 2018.
             Was a High Priest of the Shining One.
             Slain by a deep troll (16 damage)
             ... on level 2 of the Orcish Mines.
             The game lasted 00:26:37 (11430 turns).

KleinerIrrer the Severer (Formicid Fighter)        Turns: 11430, Time: 00:26:38

Health: -5/83      AC: 17    Str: 25    XL:     12   Next: 49%
Magic:  6/6        EV:  7    Int:  9    God:    the Shining One [*****.]
Gold:   579        SH: 13    Dex: 18    Spells: 15/15 levels left

rFire    . . .     SeeInvis +   x - +4 battleaxe (freeze) (curse)
rCold    + . .     Gourm    .   c - +0 shield
rNeg     + + .     Faith    .   N - +0 plate armour {rC+}
rPois    .         Spirit   .   (helmet unavailable)
rElec    .         Reflect  .   M - +2 cloak "Becodos" {MP-9 Dex+8 Stlth-}
rCorr    .         Harm     .   D - +0 pair of gloves
MR       ++...                  (no boots)
Stlth    ..........             (no amulet)
HPRegen  0.23/turn              A - ring of protection from magic
MPRegen  0.10/turn              n - ring of stealth

@: glowing
A: permanent stasis, dig shafts and tunnels, four strong arms, antennae 3
a: Dig, Shaft Self, Divine Shield, Cleansing Flame, Summon Divine Warrior,
Renounce Religion


You were on level 2 of the Orcish Mines.
You worshipped the Shining One.
The Shining One was extremely pleased with you.
You were not hungry.

You visited 3 branches of the dungeon, and saw 12 of its levels.

You collected 907 gold pieces.
You spent 328 gold pieces at shops.

Inventory:

Hand Weapons
 a - a cursed +4 flail
 j - a +3 trident
 x - a cursed +4 battleaxe of freezing (weapon)
 C - a +4 battleaxe of freezing
Missiles
 E - 70 bolts
Armour
 c - a +0 shield (worn)
 D - a +0 pair of gloves (worn)
 L - a +2 ring mail of fire resistance
 M - the +2 cloak "Becodos" (worn) {MP-9 Dex+8 Stlth-}
   (You bought it in a shop on level 6 of the Dungeon)

   It affects your dexterity (+8).
   It affects your magic capacity (-9).
   It makes you less stealthy.
 N - a +0 plate armour of cold resistance (worn)
Jewellery
 n - a ring of stealth (right hand)
 w - an uncursed ring of wizardry
 A - a ring of protection from magic (left hand)
Wands
 m - a wand of digging (10)
 r - a wand of iceblast (8)
 v - a wand of flame (13)
 F - a wand of polymorph (16)
Scrolls
 b - a scroll of identify
 e - 3 scrolls of remove curse
 h - 2 scrolls of fog
 k - 4 scrolls of blinking
 o - 2 scrolls of enchant armour {unknown}
 u - 3 scrolls of fear
 y - 5 scrolls of magic mapping
 B - a scroll of random uselessness {unknown}
 H - a scroll of amnesia {unknown}
 I - a scroll of teleportation {unknown}
Potions
 g - 2 potions of invisibility
 l - 2 potions of haste
 p - 2 potions of mutation
 q - 3 potions of curing
 t - a potion of cancellation
 z - a potion of brilliance
 G - a potion of lignification
 J - a potion of flight {unknown}
Books
 d - a book of Callings

   Spells                             Type                      Level
   a - Summon Small Mammal            Summoning                    1
   b - Call Imp                       Summoning                    2
   c - Call Canine Familiar           Summoning                    3
   d - Summon Guardian Golem          Hexes/Summoning              3
   e - Summon Lightning Spire         Summoning/Air                4
   f - Summon Ice Beast               Ice/Summoning                4
 i - a book of Flames

   Spells                             Type                      Level
   a - Flame Tongue                   Conjuration/Fire             1
   b - Throw Flame                    Conjuration/Fire             2
   c - Conjure Flame                  Conjuration/Fire             3
   d - Inner Flame                    Hexes/Fire                   3
   e - Sticky Flame                   Conjuration/Fire             4
   f - Fireball                       Conjuration/Fire             5
 s - a book of Changes

   Spells                             Type                      Level
   a - Beastly Appendage              Transmutation                1
   b - Sticks to Snakes               Transmutation                2
   c - Spider Form                    Transmutation/Poison         3
   d - Ice Form                       Ice/Transmutation            4
   e - Blade Hands                    Transmutation                5
Comestibles
 f - 13 rations
 K - 12 chunks of flesh


   Skills:
 - Level 4.0 Fighting
 * Level 15.5 Axes
 * Level 6.0 Armour
 - Level 0.2 Dodging
 - Level 10.0 Shields
 - Level 2.3 Spellcasting
 * Level 4.5 Invocations
 - Level 2.4 Evocations


You had 15 spell levels left.
You didn't know any spells.

Dungeon Overview and Level Annotations

Branches:
Dungeon (9/15)             Temple (1/1) D:6             Orc (2/2) D:9
   Lair: D:8-11         Elf: Orc:2

Altars:
Gozag
Hepliaklqana
Uskayaw
Wu Jian
The Shining One

Shops:
D:6 *([?[   D:9 =


Innate Abilities, Weirdness & Mutations

You cannot be hasted, slowed, berserked, paralysed or teleported.
You can dig through walls and to a lower floor.
Your four strong arms can wield two-handed weapons with a shield.
You have a pair of large antennae on your head. (SInv)


Message History

The deep troll claws you!
* * * LOW HITPOINT WARNING * * *
You block the deep troll's attack.
You hit the deep troll. You freeze the deep troll.
The deep troll is severely wounded.
The deep troll bites you.
* * * LOW HITPOINT WARNING * * *
The deep troll closely misses you. You block the deep troll's attack.
Your plate armour prevents you from hitting the deep troll.
The deep troll is severely wounded.
The deep troll bites you.
* * * LOW HITPOINT WARNING * * *
You block the deep troll's attack.
The deep troll claws you but does no damage.
You slash the deep troll! You freeze the deep troll.
The deep troll is almost dead.
You barely miss the deep troll.
The deep troll is almost dead.
The deep troll bites you!
You die...

#.. ........###..$.....
#.##........#...#.....
###.#..................
##.#......#......[......
#.........# #......##
##....<.#####..[)...#
#.....))..##........#
##.......##....T....#.
###.....###..@.........
##...[)......##......
#...........# ......
#...........## ###...
##.#......### #..
####....## .. #...##
##.## ###


You could see a deep troll.

Vanquished Creatures
  A stone giant (Orc:2)
  The ghost of KleinerIrrer the Severer, a journeyman FoFi of the Shining One (Orc:2)
  4 two-headed ogres
  An orc high priest (Orc:1)
  A deep troll (Orc:2)
  Pikel (D:5)
  2 orc knights (Orc:1)
  An orc sorcerer (Orc:1)
  4 trolls
  A hippogriff (D:8)
  A wyvern (D:9)
  5 yaks (D:9)
  A hungry ghost (D:9)
  Menkaure (D:4)
  2 wargs (Orc:1)
  The ghost of Slothtographer the Slasher, an amateur TeAK of Lugonu (D:3)
  A black bear (D:9)
  Duvessa (D:5)
  6 orc warriors (Orc:1)
  2 sky beasts
  5 phantoms
  An eye of draining (D:6)
  An ice beast (D:5)
  12 ogres
  4 bullfrogs
  Dowan (D:5)
  A scorpion (D:7)
  2 troll zombies (D:9)
  9 wights
  A howler monkey (D:8)
  4 crimson imps
  A quasit (D:7)
  3 hounds (D:6)
  A jelly (D:8)
  3 centaur skeletons
  4 orc priests
  4 iguanas
  11 orc wizards
  3 bullfrog skeletons
  Jessica (D:3)
  7 worker ants
  6 ogre zombies (D:9)
  A hound zombie (D:9)
  2 hound skeletons (D:9)
  A worker ant zombie (D:9)
  A howler monkey zombie (D:6)
  13 adders
  2 shadow imps (D:9)
  2 oozes
  5 adder skeletons
  5 worms
  3 dart slugs
  3 leopard geckos
  40 orcs
  2 giant cockroaches
  6 goblins (D:1)
  3 hobgoblins
  5 jackals
  3 quokkas
  2 ball pythons
  5 bats
  A frilled lizard (D:1)
  3 goblin zombies (D:9)
  3 hobgoblin zombies (D:9)
  2 kobolds
  A leopard gecko skeleton (D:4)
  An orc skeleton (D:9)
  18 orc zombies (D:9)
  2 quokka skeletons
  6 rats
264 creatures vanquished.

Vanquished Creatures (others)
  2 jackals (D:5)
2 creatures vanquished.

Grand Total: 266 creatures vanquished

Notes
Turn   | Place    | Note
-------+----------+-------------------------------------------
     0 | D:1      | KleinerIrrer the Formicid Fighter began the quest for the Orb.
     0 | D:1      | Reached XP level 1. HP: 18/18 MP: 1/1
   123 | D:1      | Reached XP level 2. HP: 22/24 MP: 2/2
   527 | D:2      | Reached XP level 3. HP: 15/30 MP: 3/3
   911 | D:2      | You fall through a shaft for 2 floors!
  1304 | D:4      | Reached skill level 3 in Axes
  1304 | D:4      | Reached XP level 4. HP: 30/37 MP: 4/4
  1309 | D:4      | Reached XP level 5. HP: 26/42 MP: 5/5
  1567 | D:4      | Noticed a phantom
  1601 | D:4      | Killed a phantom
  1601 | D:4      | Reached skill level 4 in Axes
  1601 | D:4      | Reached XP level 6. HP: 11/48 MP: 6/6
  1883 | D:4      | Reached skill level 5 in Shields
  1956 | D:4      | Noticed an ogre
  1981 | D:4      | Killed an ogre
  1981 | D:4      | Reached skill level 1 in Evocations
  2337 | D:4      | Noticed Menkaure
  2347 | D:4      | Killed Menkaure
  2347 | D:4      | Reached skill level 5 in Axes
  2347 | D:4      | Reached XP level 7. HP: 47/54 MP: 6/8
  2653 | D:3      | Noticed Jessica
  2665 | D:3      | Killed Jessica
  3026 | D:3      | Noticed Slothtographer's ghost (amateur TeAK)
  3034 | D:3      | Killed Slothtographer's ghost
  3034 | D:3      | Reached skill level 6 in Axes
  3305 | D:3      | Reached XP level 8. HP: 40/60 MP: 9/9
  3866 | D:5      | Entered Level 5 of the Dungeon
  4100 | D:5      | Reached skill level 7 in Axes
  4258 | D:5      | Noticed Duvessa
  4263 | D:5      | Noticed Dowan
  4277 | D:5      | Killed Duvessa
  4280 | D:5      | Killed Dowan
  4535 | D:5      | Noticed Pikel
  4568 | D:5      | Killed Pikel
  4568 | D:5      | Reached skill level 8 in Axes
  4568 | D:5      | Reached XP level 9. HP: 40/65 MP: 3/10
  4938 | D:6      | Reached skill level 9 in Axes
  4954 | D:6      | Found a staircase to the Ecumenical Temple.
  4985 | Temple   | Entered the Ecumenical Temple
  4998 | Temple   | Became a worshipper of the Shining One
  5047 | D:6      | Found Nog Lyom's Magic Scroll Shoppe.
  5050 | D:6      | Bought a scroll of identify for 22 gold pieces
  5050 | D:6      | Bought a scroll of identify for 22 gold pieces
  5050 | D:6      | Bought a scroll of identify for 22 gold pieces
  5050 | D:6      | Bought a scroll of identify for 22 gold pieces
  5050 | D:6      | Bought a scroll of magic mapping for 38 gold pieces
  5050 | D:6      | Bought a scroll of identify for 22 gold pieces
  5326 | D:6      | Found Muwkugue's Armour Shoppe.
  5716 | D:6      | Found Ifecs's Antique Armour Shop.
  5737 | D:6      | Found Ysileclogg's Assorted Antiques.
  5780 | D:6      | Found Guluhusm's Antique Weapon Emporium.
  5821 | D:6      | Found an ornate altar of the Wu Jian Council.
  6208 | D:5      | HP: 2/65 [wight/battleaxe of freezing (4)]
  6211 | D:5      | Reached skill level 10 in Axes
  6514 | D:6      | Reached * piety under the Shining One
  6669 | D:7      | Reached XP level 10. HP: 56/71 MP: 11/11
  7243 | D:8      | Noticed a two-headed ogre
  7253 | D:8      | Killed a two-headed ogre
  7253 | D:8      | Reached skill level 11 in Axes
  7253 | D:8      | Reached skill level 1 in Spellcasting
  7526 | D:8      | Noticed a two-headed ogre
  7531 | D:8      | Killed a two-headed ogre
  7531 | D:8      | Reached skill level 12 in Axes
  7928 | D:9      | Found a staircase to the Orcish Mines.
  7928 | D:9      | Reached ** piety under the Shining One
  7954 | D:9      | Reached *** piety under the Shining One
  7991 | D:9      | Reached **** piety under the Shining One
  8352 | D:9      | Reached XP level 11. HP: 72/77 MP: 14/14
  8488 | D:9      | Reached ***** piety under the Shining One
  8492 | D:9      | Reached skill level 1 in Invocations
  8503 | D:9      | Reached skill level 13 in Axes
  8992 | D:9      | Found Agoronia's Jewellery Shoppe.
  9080 | D:6      | Bought an ichor-stained cloak for 180 gold pieces
  9085 | D:6      | Identified the +2 cloak "Becodos" {MP-9 Dex+8 Stlth-} (You bought it in a shop on level 6 of the Dungeon)
  9257 | Orc:1    | Entered Level 1 of the Orcish Mines
  9425 | Orc:1    | Noticed an orc sorcerer
  9441 | Orc:1    | Killed an orc sorcerer
  9531 | Orc:1    | Noticed an orc high priest
  9545 | Orc:1    | Noticed a soul eater
  9546 | Orc:1    | Killed an orc high priest
  9546 | Orc:1    | Reached skill level 14 in Axes
  9546 | Orc:1    | Reached skill level 10 in Shields
  9752 | Orc:1    | Noticed an orc knight
  9767 | Orc:1    | Killed an orc knight
  9893 | Orc:1    | Noticed an orc knight
  9923 | Orc:1    | Killed an orc knight
 10195 | Orc:2    | Entered Level 2 of the Orcish Mines
 10195 | Orc:2    | Noticed a stone giant
 10200 | Orc:2    | Killed a stone giant
 10548 | Orc:2    | Noticed a cyclops
 10550 | Orc:2    | Noticed a two-headed ogre
 10551 | Orc:2    | Noticed a two-headed ogre
 10553 | Orc:2    | Noticed a two-headed ogre
 10557 | Orc:1    | Reached XP level 12. HP: 28/83 MP: 6/15
 10864 | Orc:2    | Noticed a deep troll
 11159 | Orc:2    | Noticed KleinerIrrer's ghost (journeyman FoFi)
 11160 | Orc:2    | Noticed a two-headed ogre
 11166 | Orc:2    | Killed a two-headed ogre
 11166 | Orc:2    | Reached skill level 5 in Armour
 11182 | Orc:2    | Killed KleinerIrrer's ghost
 11182 | Orc:2    | Reached skill level 15 in Axes
 11256 | Orc:2    | Noticed a deep troll
 11276 | Orc:2    | Killed a deep troll
 11412 | Orc:2    | Noticed a two-headed ogre
 11421 | Orc:2    | Killed a two-headed ogre
 11430 | Orc:2    | Slain by a deep troll

Skill      XL: |  1  2  3  4  5  6  7  8  9 10 11 12 |
---------------+-------------------------------------+-----
Fighting       | 4 |  4.0
Shields        | 4 5 6 8 9 10 | 10.0
Axes           | 3 4 5 6 8 10 12 14 15 | 15.5
Evocations     | 1 2 |  2.4
Spellcasting   | 2 |  2.3
Invocations    | 3 4 |  4.5
Armour         | 4 6 |  6.0
Dodging        | |  0.2

Action                   |  1- 3 |  4- 6 |  7- 9 | 10-12 || total
-------------------------+-------+-------+-------+-------++-------
Melee: War axe           |    85 |    78 |   171 |       ||   334
       Hand axe          |       |       |   277 |       ||   277
       Battleaxe         |       |       |    18 |   315 ||   333
       Trident           |       |       |    10 |       ||    10
Invok: Divine Shield     |       |       |       |     1 ||     1
Evoke: Wand              |       |    18 |       |       ||    18
  Use: Potion            |       |     1 |     2 |       ||     3
       Scroll            |       |       |    13 |     2 ||    15
  Eat: Chunk             |       |     4 |    10 |    12 ||    26
       Ration            |       |       |     2 |     1 ||     3
Armor: Scale mail        |    29 |    25 |   113 |    18 ||   185
       Ring mail         |       |       |       |    36 ||    36
       Plate armour      |       |       |       |    19 ||    19
Dodge: Dodged            |    25 |    37 |   103 |    67 ||   232
Block: Shield            |    48 |    44 |   214 |   183 ||   489
